 Dungeon Crawl Stone Soup version 0.22-a0-772-gac08f70 (webtiles) character file.

56 Mamutox the Cudgeler (level 3, -1/34 HPs)
             Began as a Minotaur Chaos Knight on July 17, 2018.
             Slain by a sun demon (18 damage)
             ... summoned by the capriciousness of Xom
             ... on level 1 of the Dungeon.
             The game lasted 00:01:37 (810 turns).

Mamutox the Cudgeler (Minotaur Chaos Knight)         Turns: 810, Time: 00:01:37

Health: -1/34      AC:  5    Str: 16    XL:     3   Next: 71%
Magic:  2/2        EV: 11    Int:  9    God:    Xom [..*...]
Gold:   45         SH:  0    Dex: 10    Spells: 2/2 levels left

rFire    . . .     SeeInvis .   a - +0 mace (chaos)
rCold    . . .     Gourm    .   (no shield)
rNeg     . . .     Faith    .   b - +2 leather armour
rPois    .         Spirit   .   (helmet restricted)
rElec    .         Reflect  .   (no cloak)
rCorr    .         Harm     .   (no gloves)
MR       .....                  (no boots)
Stlth    +.........             (no amulet)
HPRegen  0.11/turn              (no ring)
MPRegen  0.08/turn              (no ring)

@: no status effects
A: retaliatory headbutt, horns 2
a: Renounce Religion


You were on level 1 of the Dungeon.
You worshipped Xom.
You were a toy of Xom.
You were not hungry.

You visited 1 branch of the dungeon, and saw 1 of its levels.

You collected 45 gold pieces.

Inventory:

Hand Weapons
 a - a +0 mace of chaos (weapon)
Armour
 b - a +2 leather armour (worn)
Scrolls
 d - a scroll of blinking {unknown}
 e - 3 scrolls of identify {unknown}
 g - a scroll of amnesia {unknown}
 h - a scroll of fear {unknown}
 i - 2 scrolls of remove curse {unknown}
Potions
 f - 2 potions of curing {unknown}
 j - a potion of flight {unknown}
 k - a potion of cancellation {unknown}
Comestibles
 c - 3 rations


   Skills:
 + Level 4.6 Fighting
 + Level 4.8 Maces & Flails
 - Level 2.5 Armour
 - Level 1.1 Dodging
 + Level 0.1 Stealth


You had 2 spell levels left.
You didn't know any spells.
Your spell library was empty.

Dungeon Overview and Level Annotations

Branches:
Dungeon (1/15)

Altars:


Innate Abilities, Weirdness & Mutations

You reflexively headbutt those who attack you in melee.
You have a pair of horns on your head.


Message History

Nothing appears to happen.
A leopard gecko comes into view.
The leopard gecko hisses angrily.
A leopard gecko is nearby!
You hit the leopard gecko. You burn the leopard gecko.
The leopard gecko is heavily wounded.
The leopard gecko closely misses you. You furiously retaliate!
You headbutt the leopard gecko, but do no damage.
You hit the leopard gecko.
The leopard gecko seems to slow down.
You freeze the leopard gecko.
You kill the leopard gecko!
You hear Xom's maniacal laughter.
Something forms from out of thin air!
The sun demon completely misses you. You furiously retaliate!
You headbutt the sun demon. The sun demon hits you!
Ouch! That really hurt!
You are engulfed in flames!!
Ouch! That really hurt!
You die...

#..# #.#..................
#..# ##
#.#..#######........# #..#
. #.#..#.....#........#
#..#
#.#.#..#.###.#........#
#### ##.#.#..#.#
#.#.######.# #....#..#.#
#.#.# #.# # #.####.#..#.#
#.#.######.# #
#......#..#.# #.#.#......#
#
#####..#.@#.###.#.#.######
# #..)...#..3...#.#.#.# #
#
#.###..##.#####.#.#.######
# #.#....##.# #.#.#.......
#
#.#)#..##.#####.#.########
########.#.#..##.......#.#
.........#....##########.#
.........................#
##########.#..############


You could see a sun demon.

Vanquished Creatures
  2 gnolls (D:1)
  A dart slug (D:1)
  A leopard gecko (D:1)
  2 bats (D:1)
  2 giant cockroaches (D:1)
  6 goblins (D:1)
  3 hobgoblins (D:1)
  4 jackals (D:1)
  A ball python (D:1)
  2 frilled lizards (D:1)
  4 kobolds (D:1)
  4 rats (D:1)
32 creatures vanquished.

Vanquished Creatures (others)
  A bat (D:1)
1 creature vanquished.

Grand Total: 33 creatures vanquished

Notes
Turn   | Place    | Note
-------+----------+-------------------------------------------
     0 | D:1      | Mamutox the Minotaur Chaos Knight began the quest for the Orb.
     0 | D:1      | Reached XP level 1. HP: 19/19 MP: 0/0
     7 | D:1      | Reached XP level 2. HP: 27/27 MP: 1/1
   203 | D:1      | Reached XP level 3. HP: 30/33 MP: 2/2
   306 | D:1      | XOM: divination: detect items
   359 | D:1      | XOM: cloud trail
   457 | D:1      | XOM: harmless Summ miscast
   708 | D:1      | XOM: harmless Chrm miscast
   797 | D:1      | XOM: medium Summ miscast
   798 | D:1      | Noticed a sun demon
   810 | D:1      | Slain by a sun demon

Vault maps used:
D:1:      minmay_arrival_up_and_down

Skill      XL: |  1  2 |
---------------+-------+-----
Maces & Flails | 4 |  4.8
Fighting       | 4 |  4.6
Armour         | |  2.5
Dodging        | |  1.1
Stealth        | |  0.1

Action                   || total
-------------------------++-------
Melee: Mace              ||    67
       Headbutt          ||     5
Armor: Leather armour    ||    33
Dodge: Dodged            ||    40

Table legend:
 A = Spawn XP
 B = Non-spawn XP
 C = Spawn XP percentage of total XP
 D = Spawn monster count
 E = Non-spawn monster count
 F = Spawn count percentage of total count
 G = Total turns spent on level
                    A         B        C        D         E        F      G
               +---------+---------+-------+---------+---------+-------+---------
         Total |       0 |      81 |   0.0 |       0 |      32 |   0.0 |   810
               +---------+---------+-------+---------+---------+-------+---------
           D:1 |       0 |      81 |   0.0 |       0 |      32 |   0.0 |   810
               +---------+---------+-------+---------+---------+-------+---------
